General information
- name: BNet
- type: Ladder team game (AT/RT)
- host: Battle.net
- saver: lKnowItsOver
map: MarketSquare
- players: 8
- length: 33:31
- speed: Fast
- version: 1.26 W3XP
- replay type: Public
» download(198 KB)
Players
team 1 (winner)
lKnowItsOver (
teal | 62 APM | 2071 actions | 33:31)
9 Blademaster
3 Wind Walk
3 Critical Strike
1 Bladestorm
2 Mirror Image
» actions
| Assign group hotkey | 47 | |
| Basic commands | 13 | |
| Build / train | 72 | |
| Enter build submenu | 45 | |
| Enter hero's abilities submenu | 9 | |
| Give item / drop item | 3 | |
| Remove unit from queue | 7 | |
| Right click | 1131 | |
| Select / deselect | 311 | |
| Select group hotkey | 247 | |
| Use ability | 186 | |
2071 total
» units
| Peon | 18 | |
| Grunt | 4 | |
| Troll Batrider | 12 | |
| Wind Rider | 2 | |
36 total
» upgrades
| Reinforced Defenses | 1 | |
| Ranged Weapons | 3 | |
| Armor | 1 | |
| Liquid Fire | 1 | |
| Spiked Barricades | 1 | |
7 total
» buildings
| Orc Burrow | 4 | |
| Altar of Storms | 1 | |
| Barracks | 1 | |
| Voodoo Lounge | 1 | |
| Stronghold | 1 | |
| War Mill | 1 | |
| Great Hall | 3 | |
| Watch Tower | 26 | |
| Fortress | 1 | |
| Beastiary | 4 | |
| Town Hall | 2 | |
45 total
» build order
00:19 Orc Burrow
00:42 Altar of Storms
00:53 Barracks
01:20 Orc Burrow
01:46 Voodoo Lounge
02:51 Stronghold
04:19 War Mill
04:21 Orc Burrow
05:35 Great Hall
05:43 Watch Tower
05:43 Watch Tower
05:44 Watch Tower
07:07 Fortress
07:16 Beastiary
07:16 Beastiary
07:19 Beastiary
07:20 Beastiary
08:03 Watch Tower
08:03 Watch Tower
08:34 Watch Tower
08:35 Watch Tower
11:57 Watch Tower
11:58 Watch Tower
11:58 Watch Tower
11:58 Watch Tower
11:59 Watch Tower
12:01 Watch Tower
13:33 Orc Burrow
18:07 Great Hall
18:11 Watch Tower
18:11 Watch Tower
18:11 Watch Tower
18:12 Watch Tower
18:13 Watch Tower
18:14 Watch Tower
18:16 Watch Tower
18:16 Watch Tower
23:09 Watch Tower
23:09 Watch Tower
23:10 Watch Tower
23:11 Watch Tower
23:14 Watch Tower
26:14 Great Hall
31:17 Town Hall
31:24 Town Hall
» items
| Healing Salve | 2 | |
| Boots of Speed | 1 | |
| Staff of Teleportation | 1 | |
| Scroll of Town Portal | 1 | |
| Orb of Lightning | 1 | |
| Potion of Healing | 1 | |
| Potion of Mana | 2 | |
9 total

»
hiema (
pink | 25 APM | 669 actions | 26:50)
6 Mountain King
3 Storm Bolt
2 Bash
1 Avatar
» actions
| Assign group hotkey | 8 | |
| Basic commands | 29 | |
| Build / train | 103 | |
| Enter build submenu | 39 | |
| Enter hero's abilities submenu | 8 | |
| Remove unit from queue | 4 | |
| Right click | 118 | |
| Select / deselect | 255 | |
| Select group hotkey | 45 | |
| Use ability | 60 | |
669 total
» units
| Peasant | 18 | |
| Footman | 5 | |
| Gryphon Rider | 7 | |
| Spell Breaker | 19 | |
| Mortar Team | 6 | |
| Knight | 2 | |
| Siege Engine | 4 | |
61 total
» upgrades
| Lumber Harvesting | 2 | |
| Storm Hammers | 1 | |
| Animal War Training | 2 | |
| Swords | 1 | |
| Armor | 1 | |
| Magic Sentry | 1 | |
| Control Magic | 1 | |
| Flare | 1 | |
| Fragmentation Shards | 1 | |
| Barrage | 1 | |
12 total
» buildings
| Farm | 14 | |
| Altar of Kings | 1 | |
| Barracks | 1 | |
| Lumber Mill | 1 | |
| Arcane Vault | 1 | |
| Scout Tower | 14 | |
| Guard Tower | 8 | |
| Blacksmith | 1 | |
| Town Hall | 2 | |
| Keep | 1 | |
| Arcane Tower | 3 | |
| Castle | 1 | |
| Gryphon Aviary | 3 | |
| Workshop | 1 | |
52 total
» build order
00:38 Farm
00:51 Altar of Kings
01:07 Barracks
01:15 Farm
01:22 Lumber Mill
01:52 Farm
02:11 Arcane Vault
02:28 Farm
03:05 Scout Tower
03:32 Scout Tower
03:33 Guard Tower
03:44 Blacksmith
04:17 Guard Tower
04:21 Scout Tower
05:15 Town Hall
05:23 Scout Tower
05:25 Scout Tower
05:33 Keep
05:40 Scout Tower
05:52 Guard Tower
05:53 Guard Tower
06:04 Farm
06:12 Arcane Tower
06:17 Arcane Tower
07:02 Farm
07:43 Scout Tower
07:54 Castle
08:01 Gryphon Aviary
08:03 Gryphon Aviary
08:05 Gryphon Aviary
08:11 Scout Tower
08:13 Guard Tower
09:27 Scout Tower
09:30 Guard Tower
10:08 Arcane Tower
10:13 Farm
12:00 Farm
12:43 Farm
13:21 Farm
14:53 Town Hall
18:14 Scout Tower
19:29 Workshop
19:51 Farm
20:40 Farm
21:39 Farm
22:18 Farm
23:53 Scout Tower
23:55 Scout Tower
25:47 Guard Tower
25:49 Scout Tower
25:50 Scout Tower
26:24 Guard Tower
» items
| Scroll of Regeneration | 3 | |
| Lesser Clarity Potion | 1 | |
4 total
Im_Nice. (
orange | 39 APM | 448 actions | 11:25)
2 Mountain King
1 Thunder Clap
1 Storm Bolt
» actions
| Basic commands | 6 | |
| Build / train | 31 | |
| Enter build submenu | 22 | |
| Enter hero's abilities submenu | 3 | |
| Right click | 248 | |
| Select / deselect | 113 | |
| Use ability | 25 | |
448 total
» units
| Peasant | 9 | |
| Rifleman | 8 | |
| Priest | 1 | |
| Sorceress | 1 | |
19 total
» upgrades
| Gunpowder | 1 | |
| Lumber Harvesting | 2 | |
| Long Rifles | 1 | |
| Armor | 1 | |
5 total
» buildings
| Altar of Kings | 1 | |
| Farm | 8 | |
| Scout Tower | 3 | |
| Arcane Tower | 1 | |
| Blacksmith | 1 | |
| Barracks | 1 | |
| Keep | 1 | |
| Lumber Mill | 1 | |
| Castle | 1 | |
| Arcane Sanctum | 3 | |
| Arcane Vault | 1 | |
| Guard Tower | 1 | |
23 total
» build order
00:09 Altar of Kings
00:13 Farm
00:52 Scout Tower
01:19 Arcane Tower
01:45 Blacksmith
02:09 Barracks
02:15 Farm
02:58 Farm
03:43 Scout Tower
03:57 Keep
04:02 Lumber Mill
04:15 Scout Tower
05:24 Farm
06:26 Farm
06:45 Castle
06:52 Arcane Sanctum
06:55 Arcane Sanctum
06:59 Arcane Sanctum
08:40 Arcane Vault
08:45 Farm
08:47 Guard Tower
09:27 Farm
10:04 Farm
JOECAN66 (
red | 45 APM | 1206 actions | 26:39)
4 Paladin
2 Divine Shield
2 Holy Light
1 Mountain King
1 Bash
» actions
| Basic commands | 8 | |
| Build / train | 90 | |
| Enter build submenu | 29 | |
| Enter hero's abilities submenu | 4 | |
| Right click | 773 | |
| Select / deselect | 254 | |
| Use ability | 48 | |
1206 total
» units
| Peasant | 19 | |
| Rifleman | 5 | |
| Siege Engine | 39 | |
63 total
» upgrades
» buildings
| Altar of Kings | 1 | |
| Farm | 11 | |
| Lumber Mill | 1 | |
| Scout Tower | 8 | |
| Arcane Tower | 4 | |
| Guard Tower | 4 | |
| Keep | 1 | |
| Barracks | 1 | |
| Blacksmith | 1 | |
| Arcane Vault | 1 | |
| Castle | 1 | |
| Workshop | 4 | |
| Town Hall | 1 | |
39 total
» build order
00:36 Altar of Kings
00:56 Farm
01:12 Lumber Mill
01:43 Farm
01:59 Scout Tower
02:20 Farm
02:32 Scout Tower
02:54 Scout Tower
03:05 Scout Tower
03:12 Scout Tower
03:34 Scout Tower
03:43 Arcane Tower
03:46 Arcane Tower
03:47 Arcane Tower
03:49 Arcane Tower
03:52 Guard Tower
03:57 Scout Tower
04:03 Scout Tower
04:13 Keep
04:16 Guard Tower
04:26 Guard Tower
04:30 Farm
04:36 Farm
04:38 Guard Tower
04:48 Barracks
05:06 Blacksmith
05:15 Farm
05:19 Farm
05:55 Arcane Vault
06:07 Farm
06:51 Farm
07:05 Farm
07:16 Castle
10:07 Workshop
10:15 Workshop
10:23 Workshop
10:27 Workshop
10:56 Town Hall
19:51 Farm
team 2 (loser)

»
w4700 (
blue | 78 APM | 2617 actions | 33:31)
10 Demon Hunter
3 Evasion
3 Mana Burn
1 Metamorphosis
3 Immolation
» actions
| Assign group hotkey | 29 | |
| Basic commands | 141 | |
| Build / train | 104 | |
| ESC pressed | 11 | |
| Enter build submenu | 29 | |
| Enter hero's abilities submenu | 10 | |
| Give item / drop item | 2 | |
| Right click | 762 | |
| Select / deselect | 469 | |
| Select group hotkey | 890 | |
| Use ability | 169 | |
2617 total
» units
| Wisp | 27 | |
| Archer | 7 | |
| Huntress | 2 | |
| Druid of the Claw | 7 | |
| Faerie Dragon | 5 | |
| Hippogryph | 2 | |
| Glaive Thrower | 4 | |
54 total
» upgrades
| Ultravision | 1 | |
| Improved Bows | 1 | |
| Sentinel | 1 | |
| Strength of the Wild | 3 | |
| Druid of the Claw Training | 2 | |
| Reinforced Hides | 2 | |
| Mark of the Claw | 1 | |
| Nature's Blessing | 1 | |
| Strength of the Moon | 1 | |
| Vorpal Blades | 1 | |
14 total
» buildings
| Moon Well | 8 | |
| Ancient of War | 1 | |
| Altar of Elders | 1 | |
| Tree of Ages | 2 | |
| Hunter's Hall | 1 | |
| Ancient of Lore | 2 | |
| Tree of Life | 4 | |
| Tree of Eternity | 3 | |
| Ancient of Wind | 2 | |
| Ancient of Wonders | 1 | |
| Chimaera Roost | 6 | |
31 total
» build order
00:21 Moon Well
00:36 Ancient of War
01:03 Altar of Elders
01:19 Moon Well
02:14 Moon Well
03:38 Tree of Ages
03:39 Tree of Ages
04:03 Hunter's Hall
05:16 Moon Well
06:10 Ancient of Lore
06:11 Ancient of Lore
06:46 Tree of Life
06:53 Tree of Eternity
06:54 Tree of Eternity
08:33 Moon Well
10:08 Ancient of Wind
12:41 Moon Well
12:42 Moon Well
12:46 Moon Well
12:52 Ancient of Wonders
16:07 Ancient of Wind
20:05 Chimaera Roost
20:05 Chimaera Roost
20:07 Chimaera Roost
20:08 Chimaera Roost
20:10 Chimaera Roost
20:12 Chimaera Roost
22:08 Tree of Life
25:53 Tree of Life
29:15 Tree of Life
» items
| Potion of Lesser Invulnerability | 1 | |
| Scroll of Town Portal | 3 | |
| Dust of Appearance | 2 | |
| Scroll of Healing | 1 | |
7 total

»
saix (
green | 54 APM | 1816 actions | 33:30)
7 Death Knight
3 Death Coil
3 Unholy Aura
1 Animate Dead
5 Lich
2 Frost Nova
2 Dark Ritual
1 Frost Armor
1 Crypt Lord
1 Spiked Carapace
» actions
| Assign group hotkey | 7 | |
| Basic commands | 1 | |
| Build / train | 93 | |
| Enter build submenu | 32 | |
| Enter hero's abilities submenu | 14 | |
| Give item / drop item | 1 | |
| Remove unit from queue | 1 | |
| Right click | 1084 | |
| Select / deselect | 481 | |
| Select group hotkey | 12 | |
| Use ability | 90 | |
1816 total
» units
| Acolyte | 20 | |
| Ghoul | 5 | |
| Crypt Fiend | 7 | |
| Frost Wyrm | 4 | |
36 total
» upgrades
| Web | 1 | |
| Creature Carapace | 3 | |
| Creature Attack | 3 | |
| Freezing Breath | 1 | |
8 total
» buildings
| Graveyard | 1 | |
| Crypt | 1 | |
| Altar of Darkness | 1 | |
| Ziggurat | 29 | |
| Tomb of Relics | 1 | |
| Nerubian Tower | 12 | |
| Halls of the Dead | 1 | |
| Necropolis | 4 | |
| Spirit Tower | 11 | |
| Black Citadel | 1 | |
| Sacrificial Pit | 1 | |
| Boneyard | 3 | |
66 total
» build order
00:09 Graveyard
00:23 Crypt
00:44 Altar of Darkness
01:04 Ziggurat
01:20 Tomb of Relics
01:58 Ziggurat
02:05 Nerubian Tower
03:33 Ziggurat
04:37 Halls of the Dead
06:36 Necropolis
07:16 Ziggurat
07:17 Ziggurat
07:18 Ziggurat
08:12 Nerubian Tower
08:17 Spirit Tower
08:18 Spirit Tower
08:48 Necropolis
10:47 Black Citadel
10:51 Sacrificial Pit
10:57 Ziggurat
12:45 Ziggurat
12:46 Ziggurat
14:16 Nerubian Tower
14:17 Spirit Tower
14:26 Boneyard
14:27 Boneyard
18:10 Necropolis
19:49 Spirit Tower
19:51 Spirit Tower
19:52 Spirit Tower
21:06 Ziggurat
21:08 Ziggurat
21:10 Ziggurat
21:12 Ziggurat
22:01 Nerubian Tower
22:02 Nerubian Tower
22:22 Nerubian Tower
22:23 Spirit Tower
22:54 Ziggurat
22:55 Ziggurat
23:50 Nerubian Tower
23:52 Spirit Tower
27:18 Necropolis
28:07 Boneyard
30:45 Ziggurat
30:46 Ziggurat
30:46 Ziggurat
30:46 Ziggurat
30:47 Ziggurat
30:47 Ziggurat
30:47 Ziggurat
30:47 Ziggurat
30:48 Ziggurat
30:48 Ziggurat
30:48 Ziggurat
31:11 Ziggurat
31:13 Ziggurat
31:39 Nerubian Tower
31:41 Spirit Tower
31:53 Spirit Tower
31:54 Spirit Tower
31:56 Nerubian Tower
31:56 Nerubian Tower
31:59 Nerubian Tower
32:05 Nerubian Tower
» items
| Rod of Necromancy | 1 | |
| Dust of Appearance | 1 | |
| Orb of Corruption | 1 | |
| Potion of Mana | 1 | |
| Scroll of Town Portal | 3 | |
7 total

»
LeTigreBolivien (
yellow | 38 APM | 1286 actions | 33:30)
6 Demon Hunter
2 Immolation
3 Evasion
1 Metamorphosis
» actions
| Basic commands | 103 | |
| Build / train | 98 | |
| Enter build submenu | 33 | |
| Enter hero's abilities submenu | 6 | |
| Give item / drop item | 2 | |
| Remove unit from queue | 11 | |
| Right click | 610 | |
| Select / deselect | 359 | |
| Use ability | 64 | |
1286 total
» units
| Wisp | 50 | |
| Archer | 13 | |
| Faerie Dragon | 6 | |
| Huntress | -4 | |
65 total
» upgrades
| Strength of the Moon | 3 | |
| Improved Bows | 1 | |
| Marksmanship | 1 | |
| Strength of the Wild | 0 | |
| Reinforced Hides | 1 | |
| Moon Armor | 1 | |
7 total
» buildings
| Moon Well | 9 | |
| Altar of Elders | 2 | |
| Ancient of War | 6 | |
| Tree of Ages | 4 | |
| Hunter's Hall | 1 | |
| Tree of Eternity | 2 | |
| Tree of Life | 9 | |
| Ancient of Wind | 2 | |
| Ancient of Wonders | 1 | |
36 total
» build order
00:22 Moon Well
00:35 Altar of Elders
00:49 Ancient of War
01:57 Ancient of War
02:05 Moon Well
02:23 Moon Well
02:37 Ancient of War
03:58 Tree of Ages
04:19 Hunter's Hall
06:24 Tree of Eternity
06:44 Tree of Life
07:36 Moon Well
09:53 Ancient of Wind
09:57 Ancient of Wonders
10:14 Ancient of Wind
12:16 Moon Well
13:01 Tree of Life
13:54 Moon Well
14:34 Moon Well
15:25 Tree of Life
17:58 Altar of Elders
18:05 Tree of Life
19:06 Ancient of War
19:09 Ancient of War
19:27 Ancient of War
22:35 Tree of Life
23:30 Moon Well
23:38 Moon Well
24:10 Tree of Ages
24:10 Tree of Ages
25:21 Tree of Life
29:18 Tree of Life
33:04 Tree of Life
33:14 Tree of Life
» items
| Staff of Teleportation | 1 | |
| Scroll of Healing | 1 | |
| Potion of Lesser Invulnerability | 1 | |
3 total

»
n00bzilla (
purple | 27 APM | 893 actions | 33:31)
4 Priestess of the Moon
2 Trueshot Aura
2 Searing Arrows
6 Demon Hunter
3 Immolation
2 Evasion
1 Metamorphosis
» actions
| Basic commands | 6 | |
| Build / train | 86 | |
| ESC pressed | 9 | |
| Enter build submenu | 32 | |
| Enter hero's abilities submenu | 10 | |
| Give item / drop item | 3 | |
| Right click | 352 | |
| Select / deselect | 317 | |
| Use ability | 78 | |
893 total
» units
| Wisp | 21 | |
| Archer | 3 | |
| Huntress | 14 | |
| Dryad | 7 | |
| Chimaera | 13 | |
58 total
» upgrades
| Strength of the Moon | 3 | |
| Sentinel | 1 | |
| Abolish Magic | 1 | |
| Druid of the Claw Training | 1 | |
| Well Spring | 1 | |
| Corrosive Breath | 1 | |
| Upgrade Moon Glaive | 1 | |
| Strength of the Wild | 1 | |
10 total
» buildings
| Moon Well | 9 | |
| Altar of Elders | 1 | |
| Ancient of War | 1 | |
| Hunter's Hall | 1 | |
| Tree of Ages | 1 | |
| Ancient of Wonders | 1 | |
| Tree of Life | 8 | |
| Ancient of Lore | 2 | |
| Tree of Eternity | 1 | |
| Ancient of Wind | 1 | |
| Chimaera Roost | 2 | |
| Ancient Protector | 4 | |
32 total
» build order
00:12 Moon Well
00:21 Altar of Elders
00:28 Ancient of War
02:00 Moon Well
02:45 Hunter's Hall
03:03 Moon Well
03:56 Moon Well
04:48 Tree of Ages
04:59 Moon Well
05:31 Ancient of Wonders
06:46 Tree of Life
07:23 Ancient of Lore
07:29 Ancient of Lore
10:42 Tree of Eternity
12:08 Moon Well
13:07 Moon Well
13:10 Moon Well
13:13 Moon Well
13:18 Ancient of Wind
14:32 Chimaera Roost
14:35 Chimaera Roost
17:31 Ancient Protector
17:34 Ancient Protector
17:37 Ancient Protector
17:41 Ancient Protector
23:38 Tree of Life
28:33 Tree of Life
28:56 Tree of Life
30:21 Tree of Life
32:33 Tree of Life
32:41 Tree of Life
33:02 Tree of Life
» items
| Orb of Venom | 1 | |
| Scroll of Town Portal | 2 | |
3 total
Chat log
(02:49 / Allies) Im_Nice.: rifle casters here
(02:51 / Allies) Im_Nice.: btw
(02:53 / Allies) Im_Nice.: units?
(02:56 / Allies) hiema: gryphs
(03:16 / Allies) Im_Nice.: red
(03:21 / Allies) Im_Nice.: you just gonna tower?
(06:58 / All) saix: son of a biscuit
(07:08 / All) saix: nice one teal
(09:52 / All) lKnowItsOver: I grabbed the wrong item
(10:25 / Allies) lKnowItsOver: tp
(11:39 / All) lKnowItsOver: this is not a good team
(12:08 / Allies) lKnowItsOver: bolt the dk
(12:16 / Allies) lKnowItsOver: or don't
(12:20 / All) lKnowItsOver: wow
(12:58 / All) lKnowItsOver: I don't even know what to get
(13:00 / All) lKnowItsOver: that I could 1v4 with
(14:05 / Allies) lKnowItsOver: wood
(17:52 / Allies) lKnowItsOver: nice work tower up yall
(18:19 / Allies) lKnowItsOver: wood
(19:15 / Allies) lKnowItsOver: take over orange
(20:29 / Allies) lKnowItsOver: more towers red
(21:26 / Allies) lKnowItsOver: tp red
(21:31 / All) lKnowItsOver: ...
(21:35 / All) lKnowItsOver: at least he took out yellow
(21:39 / All) lKnowItsOver: 's hall
(21:45 / All) LeTigreBolivien: not really
(22:03 / Allies) hiema: ill get morts for that
(26:05 / Allies) lKnowItsOver: give me your wood
(26:58 / All) lKnowItsOver: lousy fucking team
(28:04 / All) lKnowItsOver: pink was best of my teammates is 50 games below 50%
(28:28 / All) saix: its a game stats are shit
(28:35 / All) lKnowItsOver: red 24-38
(29:03 / All) lKnowItsOver: hence why he masses tanks on a easily chokable map
(29:08 / All) lKnowItsOver: every base has a choke entrance
(29:23 / All) lKnowItsOver: what a frustrating game
(29:51 / All) saix: for us
(30:00 / All) lKnowItsOver: For me
(30:04 / All) saix: u should have left a long time ago
(30:13 / All) LeTigreBolivien: for me ... i did shit ... lol
(30:15 / All) saix: if it was so frustrating
(30:24 / All) lKnowItsOver: I can't leave until I'm 100% sure I am going to lose
(30:28 / All) lKnowItsOver: and even then I stick around usually
(30:46 / All) lKnowItsOver: red is retarded for trying to take out mains anyway
(30:52 / All) lKnowItsOver: when green has expansion
(31:38 / All) lKnowItsOver: I was going to bs them but they can't even survive
(32:47 / All) lKnowItsOver: oh I couldn't even hide a bse